 Dungeon Crawl Stone Soup version 0.30-a0-777-ga9a30cbeda (webtiles) character file.

Game seed: 4563589969529486411

9166 cheesebisquit the Destroyer (level 11, -3/54 HPs)
             Began as a Gargoyle Conjurer on Feb 13, 2023.
             Was a Follower of Vehumet.
             Killed from afar by a gargoyle (12 damage)
             ... with a stone arrow
             ... on level 11 of the Dungeon.
             The game lasted 00:51:48 (11455 turns).

cheesebisquit the Destroyer (Gargoyle Conjurer)    Turns: 11455, Time: 00:51:48

Health: -3/54      AC: 15    Str: 10    XL:     11   Next: 42%
Magic:  12/26      EV: 11    Int: 30    God:    Vehumet [*.....]
Gold:   214        SH:  0    Dex:  8    Spells: 18/33 levels left

rFire   . . .      SeeInvis .    a - +0 morningstar
rCold   . . .      Faith    .    (no shield)
rNeg    + . .      Spirit   .    N - +2 robe {Archmagi}
rPois   ∞          Reflect  .    (no helmet)
rElec   +          Harm     .    L - +1 cloak
rCorr   .          Rampage  .    (no gloves)
Will    .....      Archmagi +    M - +0 pair of boots
Stlth   ++                       I - amulet of magic regeneration
HPRegen 0.29/turn                V - +6 ring of intelligence
MPRegen 0.60/turn                w - ring of wizardry

@: no status effects
A: sickness immunity, AC +8, negative energy resistance 1, electricity
resistance, torment resistance 1, petrification resistance
a: Renounce Religion


You were on level 11 of the Dungeon.
You worshipped Vehumet.
Vehumet was aware of your devotion.
You visited 2 branches of the dungeon, and saw 12 of its levels.

You collected 704 gold pieces.
You spent 490 gold pieces at shops.

Inventory:

Hand Weapons
 a - a +0 morningstar (weapon)
 E - a +4 sling
Missiles
 f - 23 poisoned darts
 J - 5 datura-tipped darts
 T - 5 silver javelins
Armour
 A - a +2 robe of positive energy
 L - a +1 cloak (worn)
 M - a +0 pair of boots (worn)
 N - a +2 robe of the Archmagi (worn)
Magical Staves
 e - a staff of air
Jewellery
 d - an amulet of regeneration
 l - a ring of resist corrosion
 u - an amulet of faith
 w - a ring of wizardry (right hand)
 x - a +5 ring of evasion
 B - a ring of flight
 C - an amulet of guardian spirit
 G - an amulet of reflection
 I - an amulet of magic regeneration (around neck)
 Q - a ring of see invisible
 S - a +4 ring of protection
 V - a +6 ring of intelligence (left hand)
 Y - a ring of positive energy
Wands
 D - a wand of flame (13)
 R - a wand of quicksilver (8)
 X - a wand of charming (2)
Scrolls
 c - a scroll of magic mapping
 g - 3 scrolls of poison
 h - a scroll of amnesia
 i - 3 scrolls of teleportation
 p - a scroll of immolation
 r - 3 scrolls of vulnerability
 v - a scroll of noise {unknown}
 y - a scroll of fog {unknown}
 K - a scroll of blinking {unknown}
 O - a scroll of brand weapon {unknown}
 U - a scroll of fear {unknown}
Potions
 b - 2 potions of magic
 j - 3 potions of berserk rage
 k - a potion of ambrosia
 m - 3 potions of might
 n - 7 potions of curing
 o - 3 potions of haste
 q - 2 potions of attraction
 s - 3 potions of degeneration
 t - 5 potions of heal wounds
 z - 3 potions of flight
 F - a potion of cancellation
 P - a potion of brilliance
 W - a potion of resistance
Miscellaneous
 H - a lightning rod (4/4)


   Skills:
 - Level 1.5 Dodging
 - Level 2.1 Stealth
 + Level 11.6 Spellcasting
 + Level 14.1 Conjurations


You had 18 spell levels left.
You knew the following spells:

 Your Spells              Type           Power      Damage    Failure   Level
a - Magic Dart            Conj           100%       1d8       0%          1
b - Searing Ray           Conj           100%       2d8       0%          2
c - Iskenderun's Mystic   Conj/Tloc      74%        2d15      1%          4
d - Dazzling Flash        Conj/Hex       100%       N/A       1%          3
e - Fulminant Prism       Conj/Hex       37%        3d17      1%          4
f - Shock                 Conj/Air       100%       1d9       1%          1

Your spell library contained the following spells:

 Spells                   Type           Power      Damage    Failure   Level
 Ensorcelled Hibernation  Hex/Ice        52%        N/A       1%          2
 Lesser Beckoning         Tloc           52%        N/A       1%          2
 Passwall                 Tmut/Erth      21%        N/A       1%          2
 Gell's Gravitas          Tloc           26%        N/A       3%          3
 Kindle Blastsparks       Fire/Tloc/Air  52%        2d14      3%          3
 Swiftness                Air            26%        N/A       3%          3
 Teleport Other           Tloc           26%        N/A       3%          3
 Dispel Undead            Necr           26%        3d13      12%         4
 Lee's Rapid Deconstruct  Erth           13%        3d9*      32%         5
 Death Channel            Necr           13%        N/A       86%         6
 Cigotuvi's Dreadful Rot  Necr/Pois/Air  Unusable   N/A       N/A         2

Dungeon Overview and Level Annotations

Branches:
Dungeon (11/15)            Temple (1/1) D:4            Lair (0/5) D:8
    Orc: D:9-12

Altars:
Ashenzari
Cheibriados
Dithmenos
Elyvilon
Fedhas
Gozag
Hepliaklqana
Kikubaaqudgha
Makhleb
Nemelex Xobeh
Okawaru
Qazlal
Ru
Sif Muna
Trog
Uskayaw
Vehumet
Wu Jian
Xom
Yredelemnul
Zin
The Shining One

Shops:
D:2 (   D:6 *   D:8 !


Innate Abilities, Weirdness & Mutations

You are immune to sickness and miasma.
Your stone body is resilient. (AC +8)
You are immune to poison.
You resist negative energy. (rN+)
You are resistant to electric shocks. (rElec)
You are resistant to unholy torment.
You are immune to petrification.


Message History

The troll is moderately wounded.
The troll bites you but does no damage.
The troll claws you but does no damage. x2
The gargoyle hurls a stone arrow at you.
The stone arrow hits you!!
Ouch! That really hurt!
* * * LOW HITPOINT WARNING * * *
Casting: Searing Ray (safe; 0% risk of failure)
Confirm with . or Enter, or press ? or * to list all spells.
You feel a surge of power!
You erupt in a blast of force!
The mystic blast hits the troll!!
The troll is severely wounded.
The troll is knocked back by the mystic blast.
You hear two shouts!
You hear a shout!
Casting: Iskenderun's Mystic Blast (dangerous; 1% risk of failure)
Confirm with . or Enter, or press ? or * to list all spells.
You feel a surge of power!
You erupt in a blast of force!
The mystic blast hits the gargoyle but does no damage.
The gargoyle hurls a stone arrow at you.
The stone arrow misses you.
Casting: Iskenderun's Mystic Blast (dangerous; 1% risk of failure)
Confirm with . or Enter, or press ? or * to list all spells.
Okay, then.
Casting: Iskenderun's Mystic Blast (dangerous; 1% risk of failure)
Confirm with . or Enter, or press ? or * to list all spells.
Okay, then.
Casting: Iskenderun's Mystic Blast (dangerous; 1% risk of failure)
Confirm with . or Enter, or press ? or * to list all spells.
You feel a surge of power!
You erupt in a blast of force!
The mystic blast hits the gargoyle!!
The gargoyle is severely damaged.
The gargoyle is knocked back by the mystic blast.
The mystic blast hits the troll!
The troll is almost dead.
The troll is knocked back by the mystic blast.
You hear a shout!
A two-headed ogre and a shadow come into view.
The two-headed ogre shouts in stereo!
The gargoyle hurls a stone arrow at you.
The stone arrow hits you!
You die...

#.........##...
........#...
#............~#
...##.<....# ...~#
............# ....~
..#.........# ...#
...........###9..#~
........#.......OW~
........##.@#.##.#~#
#.......#.........~#
#...........?.##..~#
..#......#..... .~#
.......##..#T..~
.(.... ..##...≈#
...... #.# ..~#
..... #.# .#~ ... ..


You could see a two-headed ogre, a troll, a gargoyle and a shadow.

Vanquished Creatures
  A two-headed ogre (D:10)
  Pikel (D:7)
  Joseph (D:7)
  A komodo dragon (D:8)
  A troll (D:10)
  A hornet (D:8)
  7 yaks
  Eustachio (D:5)
  5 steam dragons
  An unseen horror simulacrum (D:9)
  An acid dragon (D:8)
  A water moccasin (D:8)
  3 ice beasts
  7 orc warriors
  A sky beast (D:6)
  A black bear (D:6)
  An ogre (D:5)
  4 centaurs
  2 phantoms
  3 lemures (D:7)
  4 bullfrogs
  Blork the orc (D:6)
  2 kobold brigands
  A gnoll sergeant (D:5)
  A necrophage (D:5)
  4 scorpions
  7 wights
  7 killer bees
  A vampire bat (D:5)
  3 howler monkeys
  2 electric eels (D:9)
  5 jellies
  10 hounds
  A gnoll bouda (D:6)
  6 orc priests
  Jessica (D:2)
  4 iguanas
  11 orc wizards
  2 centaur simulacra (D:9)
  10 adders
  9 gnolls
  A river rat (D:5)
  2 shadow imps
  6 white imps
  4 ufetubi
  5 worms
  2 dart slugs
  3 fire bats (D:5)
  33 orcs
  2 spectral bats (D:5)
  7 ball pythons
  12 bats
  3 bat skeletons (D:5)
  A bat zombie (D:5)
  7 endoplasms
  3 giant cockroaches
  9 goblins
  5 hobgoblins (D:1)
  6 jackals
  7 quokkas
  A bat simulacrum (D:5)
  7 frilled lizards
  12 kobolds
  3 rats (D:1)
277 creatures vanquished.

Vanquished Creatures (others)
  9 fulminant prisms
  23 plants (D:8)
32 creatures vanquished.

Grand Total: 309 creatures vanquished

Notes
Turn   | Place    | Note
-------+----------+-------------------------------------------
     0 | D:1      | cheesebisquit the Gargoyle Conjurer began the quest for the
                  | Orb.
     0 | D:1      | Reached XP level 1. HP: 10/10 MP: 3/3
   227 | D:1      | Reached XP level 2. HP: 15/15 MP: 3/5
   608 | D:1      | Reached XP level 3. HP: 19/19 MP: 3/6
   866 | D:1      | Reached skill level 5 in Conjurations
   900 | D:1      | Learned a level 2 spell: Searing Ray
  1560 | D:2      | Found Vyps's Antique Weapon Shoppe.
  1622 | D:2      | Reached XP level 4. HP: 24/24 MP: 3/8
  1627 | D:2      | Learned a level 4 spell: Iskenderun's Mystic Blast
  1877 | D:2      | Noticed Jessica
  1878 | D:2      | Killed Jessica
  2385 | D:3      | Found a faded altar of an unknown god.
  2451 | D:3      | Reached XP level 5. HP: 28/28 MP: 7/10
  2856 | D:3      | Found an opulent altar of Gozag.
  2936 | D:3      | Found a broken altar of Ashenzari.
  3028 | D:3      | Found a glowing silver altar of Zin.
  3113 | D:2      | Bought a morningstar for 104 gold pieces
  3248 | D:4      | Reached skill level 6 in Conjurations
  3414 | D:4      | Found a staircase to the Ecumenical Temple.
  3427 | Temple   | Entered the Ecumenical Temple
  3474 | D:4      | Reached XP level 6. HP: 32/32 MP: 5/12
  3887 | D:5      | Entered Level 5 of the Dungeon
  4125 | D:5      | Identified the +3 leather armour of Quick Amelioration
                  | {-Cast Str+4}
  4370 | D:5      | Noticed Eustachio
  4380 | D:5      | Killed Eustachio
  4381 | D:5      | Reached skill level 5 in Spellcasting
  4381 | D:5      | Reached skill level 7 in Conjurations
  4381 | D:5      | Reached XP level 7. HP: 36/36 MP: 3/14
  4541 | D:5      | Found an ornate altar of the Wu Jian Council.
  4639 | D:5      | Found a hazy altar of Hepliaklqana.
  4813 | D:5      | Reached skill level 8 in Conjurations
  4985 | D:5      | Reached XP level 8. HP: 41/41 MP: 7/16
  5356 | D:5      | Reached skill level 9 in Conjurations
  5747 | D:5      | Reached XP level 9. HP: 43/45 MP: 12/20
  6251 | D:6      | Noticed Blork the orc
  6262 | D:6      | Killed Blork the orc
  6314 | D:6      | Reached skill level 10 in Conjurations
  6519 | D:6      | Learned a level 3 spell: Dazzling Flash
  6524 | D:6      | Learned a level 4 spell: Fulminant Prism
  6537 | D:6      | Found Byaz Qaj's Neck Hole.
  6546 | D:6      | Bought a +1 cloak for 126 gold pieces
  7449 | D:7      | Noticed Pikel
  7459 | D:7      | Reached skill level 11 in Conjurations
  7465 | D:7      | Killed Pikel
  7466 | D:7      | Reached XP level 10. HP: 39/50 MP: 6/23
  7477 | D:7      | Noticed Joseph
  7491 | D:7      | Killed Joseph
  7551 | D:7      | Reached skill level 12 in Conjurations
  8171 | D:8      | Found a shimmering altar of Xom.
  8178 | D:8      | Reached skill level 10 in Spellcasting
  8614 | D:8      | Found a staircase to the Lair.
  8735 | D:8      | Found Xeximuaf's Distillery.
  8744 | D:8      | Bought a potion of haste for 130 gold pieces
  8744 | D:8      | Bought a potion of haste for 130 gold pieces
  8786 | D:8      | Found a stormy altar of Qazlal.
  8795 | D:8      | Found a radiant altar of Vehumet.
  8798 | D:8      | Became a worshipper of Vehumet
  8882 | D:8      | Found a white marble altar of Elyvilon.
  8886 | D:8      | Found a shimmering blue altar of Sif Muna.
  8887 | D:8      | Found a sacrificial altar of Ru.
  9091 | D:9      | Reached skill level 13 in Conjurations
  9495 | D:9      | Reached XP level 11. HP: 31/54 MP: 21/25
  9682 | D:9      | Reached * piety under Vehumet
  9682 | D:9      | Offered knowledge of Shock by Vehumet.
  9685 | D:9      | Learned a level 1 spell: Shock
 10026 | D:9      | Found an ancient bone altar of Kikubaaqudgha.
 10332 | D:10     | Entered Level 10 of the Dungeon
 10415 | D:10     | Found a burning altar of Makhleb.
 10776 | D:10     | Noticed a two-headed ogre
 10781 | D:10     | Killed a two-headed ogre
 10782 | D:10     | Reached skill level 14 in Conjurations
 10899 | D:10     | Found a snail-covered altar of Cheibriados.
 11455 | D:11     | Noticed a two-headed ogre
 11455 | D:11     | Killed from afar by a gargoyle

Illustrated notes

Levels and vault maps discovered:
D:1:      tekkud_arrival_beachfront_property, layout_basic,
          minmay_misc_feat_rugged
D:2:      layout_loops_ring, serial_shops, nicolae_diamond_shop,
          chequers_serial_rivers_small_a, uniq_jessica
D:3:      layout_loops_ring, lemuel_doored_altar, zin_treasury,
          evilmike_ruin_ashenzari, shapermc_ecumenical_altar_flowoftime
D:4:      layout_rooms, minmay_temple_entry_waves
D:5:      kennysheep_windowed_halls, layout_cave_pools, old_standard_altar,
          overflow_temple_1_default, gup_sewer_entry_spiral, grunt_ministairs_1,
          goddamned_bats, uniq_eustachio
D:6:      layout_basic, nicolae_shop_sticking_my_neck_out, uniq_blork_the_orc
D:7:      layout_rooms, uniq_joseph, uniq_pikel
D:8:      cheibrodos_elevator_heist, layout_rooms,
          mainiacjoe_overflow_concentric_impassable, minitemple,
          mainiacjoe_overflow_swirl, david_lair_shrubbed, serial_shops,
          nicolae_shop_trees, minmay_diced_spiral
D:9:      layout_loops_corners, mainiacjoe_overflow_alcove_4, serial_ice,
          serial_ice_j, serial_ice_n, serial_ice_m, serial_ice_a
D:10:     layout_loops_ring, overflow_temple_1_default, bloody_makhleb
D:11:     cheibrodos_ideogram_h, layout_cave_pools
Temple:   hellmonk_temple_two_chambers

Skill      XL: |  1  2  3  4  5  6  7  8  9 10 11 |
---------------+----------------------------------+-----
Conjurations   | 5 6 7 8 9 11 13 14 | 14.1
Spellcasting   | 3 4 5 7 9 10 11 | 11.6
Dodging        | |  1.5
Stealth        | |  2.1

Action                     |  1- 3 |  4- 6 |  7- 9 | 10-12 || total
---------------------------+-------+-------+-------+-------++-------
  Melee: Club              |     1 |       |       |       ||     1
         Mace              |     6 |       |       |       ||     6
         Morningstar       |       |     5 |       |     4 ||     9
         Punch             |       |       |       |     1 ||     1
   Cast: Magic Dart        |    58 |    84 |    71 |   107 ||   320
         Searing Ray       |     5 |    22 |    63 |    71 ||   161
         Fulminant Prism   |       |       |     6 |     3 ||     9
         Dazzling Flash    |       |       |     2 |       ||     2
         Iskenderun's Myst |       |       |     1 |     9 ||    10
         Shock             |       |       |       |    11 ||    11
    Use: Scroll            |       |     8 |     2 |     9 ||    19
         Potion            |       |       |       |     1 ||     1
 Armour: Robe              |     1 |    14 |    21 |    60 ||    96
  Dodge: Dodged            |     4 |    42 |    64 |    74 ||   184

Table legend: (Time is in decaauts)
 A = Elapsed time spent in this place.
 B = Non-inter-level travel time spent in this place.
 C = Inter-level travel time spent in this place.
 D = Time resting spent in this place.
 E = Time spent auto-exploring this place.
 F = Levels seen in this place.
 G = Mean time per level.
                   A        B        C        D        E       F      G
               +--------+--------+--------+--------+--------+-----+--------+
         Total |  11500 |  10938 |    562 |    480 |   8980 |  12 |  958.3 |
       Dungeon |  11482 |  10924 |    558 |    480 |   8969 |  11 | 1043.8 |
        Temple |     17 |     13 |      4 |      0 |     11 |   1 |   17.0 |
               +--------+--------+--------+--------+--------+-----+--------+

Top non-repeatable levels by time:
     D:5: 2275 daAuts
     D:9: 1303 daAuts
     D:1: 1256 daAuts
     D:2: 1191 daAuts
     D:6: 1128 daAuts
    D:10: 1106 daAuts
     D:8: 926 daAuts
     D:3: 845 daAuts
     D:4: 750 daAuts
     D:7: 682 daAuts
  Temple: 17 daAuts
    D:11: 16 daAuts
